[Event "*** Titled Tuesday Blitz"]
[Site "Chess.com"]
[Date "2019.09.03"]
[Round "9"]
[White "Thjop"]
[Black "tteshan"]
[Result "0-1"]
[WhiteElo "2563"]
[BlackElo "2247"]
[TimeControl "180+2"]
[EndTime "17:08:33 PDT"]
[Termination "tteshan won by resignation"]

1. e4 c5 2. Nf3 d6 3. g3 g6 4. Bg2 Bg7 5. O-O Nc6 6. d3 e6 7. c3 Nge7 8. d4 cxd4 9. cxd4 d5 10. e5 O-O 11. Nc3 a6 12. h4 h5 13.
Bg5 b5 14. Qd2 Bb7 15. Rac1 Qb6 16. Bh3 Rfe8 17. Bf6 Rad8 18. Qf4 Nf5 19. Bxf5 exf5 20. Bxg7 Kxg7 21. Qg5 Re6 22. Ne2 Rde8 23. Nf4 Nxd4 24.
Nxd4 Qxd4 25. Nxe6+ Rxe6 26. Rc7 Qb6 27. Qd8 d4 28.
Rd7 Qc6 29. f3 Rxe5 30. Rxd4 Re2 31. Rd2 Qc5+ 32. Kh1 Bxf3+ 33. Rxf3 Re1+ 34. Kh2 Qg1+ 35. Kh3 Qh1+ 36. Rh2 Qxf3 37. Qd4+ Kh7 38. Qf4 Qg4+ 39. Kg2 Re2+ 40. Kg1 Rxh2 41. Kxh2 Qxf4 42. gxf4 Kg7 43. Kg3 Kf6 44. Kf3 Ke6 45. Ke3 Kd5 46. Kd3 a5 47. a3 a4 48. Kc3 Ke4 49. Kb4 Kxf4 50.
Kxb5 Kg3 51. Kxa4 f4 52. b4 f3 53. b5 f2 54. b6 f1=Q 55. b7 Qa6+ 0-1

[Event "*** Titled Tuesday Blitz"]
[Site "Chess.com"]
[Date "2019.09.03"]
[Round "9"]
[White "2nd_life"]
[Black "Alohamora11"]
[Result "0-1"]
[WhiteElo "2385"]
[BlackElo "2484"]
[TimeControl "180+2"]
[EndTime "17:08:40 PDT"]
[Termination "Alohamora11 won on time"]

1. e4 c5 2. Nf3 g6 3. d4 cxd4 4. Qxd4 Nf6 5. Nc3 Nc6 6. Qa4 d6 7. e5 Ng4 8. Bf4 Bg7 9. exd6 O-O 10. h3 Nge5 11. Nxe5 Nxe5 12. dxe7 Qxe7 13. O-O-O Be6 14. Qe4 Nc6 15. Bc4 Bxc3 16. bxc3 Qa3+ 17. Kb1 Bf5 18. Qe3 Na5 19. Bd5 Rac8 20. Bd6 Qa4 21. Rd2 Rfd8 22. Qf4 Qb5+ 23. Qb4 Qa6 24. Be7 Re8 25. Rhd1 Nc6 26. Bxc6 bxc6 27. Ka1 Rb8 28. Qa3 Qb7 29. g4 Bxc2 30.
Rxc2 Rxe7 31. f4 Qc7 32. Rb2 Ree8 33. f5 Qg3 34. fxg6 hxg6 35. Rxb8 Rxb8 36. Qc5 Qxh3 37. g5 Qf3 38. Rb1 Rd8 39. Rc1 Qf4 40. Rb1 Qe4 41. Rb7 Rd1+ 42. Kb2 Rb1+ 43. Ka3 Rxb7 44. c4 Qe7 0-1

[Event "*** Titled Tuesday Blitz"]
[Site "Chess.com"]
[Date "2019.09.03"]
[Round "9"]
[White "MartinMatthiesen"]
[Black "Korchmar_Vasiliy"]
[Result "0-1"]
[WhiteElo "2460"]
[BlackElo "2672"]
[TimeControl "180+2"]
[EndTime "17:08:41 PDT"]
[Termination "Korchmar_Vasiliy won by resignation"]

1. d4 Nf6 2. c4 g6 3. Nc3 d5 4. cxd5 Nxd5 5. e4 Nxc3 6. bxc3 Bg7 7. Nf3 O-O 8. Be3 c5 9. Qd2 Qa5 10. Rc1 Nd7 11. d5 Nf6 12. Bd3 Bg4 13. c4 Qa3 14.
Ng5 Nd7 15. h3 Ne5 16. Bb1 Bd7 17. f4 h6 18. fxe5 hxg5 19. O-O g4 20. e6 fxe6 21.
hxg4 Qxe3+ 22. Qxe3 Bd4 23. Qxd4 cxd4 24. e5 exd5 25. cxd5 Rxf1+ 26. Kxf1 Bb5+ 27. Kf2 Rf8+ 28. Kg3 g5 29. Bf5 Rd8 30. Rd1 Bc4 31. Rxd4 Bxa2 32. Be6+ Kg7 33. Kf3 b5 34. Ke4 a5 35. Rd2 Bc4 36. Kf5 a4 37. d6 Rf8+ 38. Kxg5 Bxe6 39. dxe7 Re8 40. Rd6 Kf7 41. Rb6 Bc4 42. Kf4 a3 43. Ra6 a2 44. Kf5 Rxe7 45. g5 b4 46. g6+ Kg7 47. Ra4 b3 0-1

[Event "*** Titled Tuesday Blitz"]
[Site "Chess.com"]
[Date "2019.09.03"]
[Round "9"]
[White "liczner"]
[Black "chess3054"]
[Result "1-0"]
[WhiteElo "2698"]
[BlackElo "2481"]
[TimeControl "180+2"]
[EndTime "17:08:42 PDT"]
[Termination "liczner won by checkmate"]

1. e4 e6 2. d4 d5 3. Nd2 Nf6 4. e5 Nfd7 5. Bd3 c5 6. c3 Nc6 7. Ne2 cxd4 8. cxd4 f6 9. exf6 Nxf6 10. Nf3 Bd6 11.
O-O Qc7 12. Bg5 O-O 13. Bh4 Nh5 14. Qc2 h6 15. Bh7+ Kh8 16. Bg6 Rxf3 17. Bxh5 Rf8 18. Bg3 Bd7 19. Qd2 Be8 20. Bg4 Bf7 21. Rac1 Rae8 22. Nf4 Qd8 23. Nd3 Bg6 24. Nc5 Bxc5 25.
dxc5 e5 26. Rfe1 e4 27. b4 a6 28. a4 Ne5 29. Bxe5 Rxe5 30. Qd4 Rg5 31. Bh3 Bh5 32. b5 axb5 33. axb5 Bf3 34. g3 Qe8 35. c6 bxc6 36. bxc6 Qh5 37. Bf1 Rff5 38. h4 Qxh4 39. Bg2 Qh5 40. c7 Bxg2 41. c8=Q+ Kh7 42. Kxg2 Qf3+ 43. Kf1 Rxg3 44. Qxf5+ Qxf5 45. Re3 Rg4 46. Rd1 Rf4 47. Rg3 e3 48. Qxg7# 1-0

[Event "*** Titled Tuesday Blitz"]
[Site "Chess.com"]
[Date "2019.09.03"]
[Round "9"]
[White "promen1999"]
[Black "GadimbayliA"]
[Result "1/2-1/2"]
[WhiteElo "2770"]
[BlackElo "2880"]
[TimeControl "180+2"]
[EndTime "17:08:46 PDT"]
[Termination "Game drawn by repetition"]

1. d4 d5 2. c4 e5 3. dxe5 d4 4. Nf3 Nc6 5. a3 Nge7 6. Bf4 Ng6 7. Bg3 a5 8. e3 Bg4 9. exd4 Bxf3 10. Qxf3 Qxd4 11. Nc3 Ngxe5 12. Qe4 Qxe4+ 13. Nxe4 O-O-O 14. Rd1 Be7 15. Be2 Rxd1+ 16. Kxd1 Rd8+ 17. Kc1 Nd4 18. Bxe5 Nxe2+ 19. Kc2 f6 20. Re1 Nd4+ 21. Bxd4 Rxd4 22. Kc3 Rd8 23. g4 Re8 24. f3 Rd8 25. b4 g6 26. Nc5 Bd6 27. Nd3 axb4+ 28. axb4 b6 29. h3 h5 30. Re6 hxg4 31. hxg4 Rf8 32. c5 bxc5 33. bxc5 Bg3 34. c6 Bd6 35. Kc4 Kd8 36. Nc5 Bxc5 37. Kxc5 Rf7 38. f4 Rf8 39. Kd5 Rf7 40.
Re2 Rf8 41. Ra2 Ke7 42. Ra7 Rd8+ 43. Kc5 Rc8 44. f5 gxf5 45. gxf5 Kf7 46. Kb5 Ke7 47.
Kc5 Kf7 48. Ra2 Re8 49. Ra7 Rc8 1/2-1/2

[Event "*** Titled Tuesday Blitz"]
[Site "Chess.com"]
[Date "2019.09.03"]
[Round "9"]
[White "bascheyaro"]
[Black "hansen"]
[Result "0-1"]
[WhiteElo "2699"]
[BlackElo "2880"]
[TimeControl "180+2"]
[EndTime "17:08:49 PDT"]
[Termination "hansen won by resignation"]

1. d4 Nf6 2. c4 e6 3. Nf3 b6 4. g3 Bb4+ 5. Bd2 Be7 6. Bg2 c6 7. O-O O-O 8. Nc3 d5 9. b3 Ba6 10. cxd5 cxd5 11. Re1 Nc6 12. e3 Rc8 13. Bf1 Bxf1 14.
Rxf1 Ba3 15. Qe2 Ne4 16. Nb5 Be7 17. Rac1 Qd7 18. Kg2 f5 19. Rfd1 a6 20. Nc3 b5 21.
Nxe4 fxe4 22. Ne5 Nxe5 23. dxe5 Ba3 24. Rxc8 Rxc8 25. Ba5 Qf7 26. Qg4 h5 27. Qe2 Qf5 28.
h4 Qxe5 29. Rd2 Qf5 30. Bb6 Bb4 31. Rd1 Bd6 32. a4 Be5 33. axb5 axb5 34. Bd4 Bd6 35. Ba1 b4 36. Rd2 Rc1 37. Bb2 Rb1 38. Rc2 Kh7 39. Kh2 Qf3 40. Qxf3 exf3 41. Rd2 Kg6 42. Rc2 Be7 43.
Rd2 Bf6 44. Bxf6 gxf6 45. g4 hxg4 46. Kg3 Kf5 47. Kh2 Ke5 48. Rd4 f5 49. Rxb4 Rf1 50. h5 Rxf2+ 51. Kg3 Rg2+ 52. Kh4 Rh2+ 53. Kg5 g3 0-1

[Event "*** Titled Tuesday Blitz"]
[Site "Chess.com"]
[Date "2019.09.03"]
[Round "9"]
[White "guillembaches"]
[Black "riconaipe"]
[Result "1/2-1/2"]
[WhiteElo "2326"]
[BlackElo "2550"]
[TimeControl "180+2"]
[EndTime "17:08:51 PDT"]
[Termination "Game drawn by repetition"]

1. e4 d6 2. d4 Nd7 3. Nc3 g6 4. Be3 Bg7 5. Qd2 e5 6. Nge2 Ne7 7. h4 h5 8. O-O-O Nb6 9. Ng3 O-O 10. f4 Bg4 11.
Be2 Bxe2 12. Qxe2 exd4 13. Bxd4 Bxd4 14. Rxd4 Nc6 15. Rdd1 Qf6 16. f5 Rae8 17. Rh3 Nd4 18. Qd3 c5 19. Rf1 Qg7 20. Nxh5 Qh6+ 21. Nf4 Re5 22. g4 gxf5 23. g5 Qh7 24. Nfd5 Nxd5 25. Nxd5 Rxd5 26. exd5 Qh5 27. Rh2 Re8 28. c3 Ne2+ 29.
Kb1 c4 30. Qxc4 Ng3 31. Rg1 Qf3 32. Rh3 Qf2 33. Rhxg3 Re1+ 34. Rxe1 Qxe1+ 35. Kc2 Qxg3 36. Qc8+ Kg7 37. Qxf5 Qxh4 38. Qf6+ Kg8 39. Kb3 Qg3 40. a4 b6 41. Ka3 a6 42. Kb3 b5 43. axb5 axb5 44.
Qf5 Qe3 45. Kc2 Qe2+ 46. Kc1 Qe1+ 47. Kc2 Qe2+ 48. Kc1 Qe1+ 49. Kc2 Qe2+ 1/2-1/2

[Event "*** Titled Tuesday Blitz"]
[Site "Chess.com"]
[Date "2019.09.03"]
[Round "9"]
[White "Sutormin_DA"]
[Black "NormWeinstein"]
[Result "1-0"]
[WhiteElo "2605"]
[BlackElo "2414"]
[TimeControl "180+2"]
[EndTime "17:08:57 PDT"]
[Termination "Sutormin_DA won on time"]

1. e4 c5 2. c3 d6 3. g3 Nf6 4. Bg2 Nc6 5. d4 cxd4 6. cxd4 g6 7. Nc3 Bg7 8. Nge2 O-O 9. O-O Bd7 10. h3 Rc8 11.
Be3 Qa5 12. Rc1 Rfe8 13. a3 Qa6 14. b4 Qxa3 15. b5 Nb4 16. Ra1 Qb2 17. Rb1 Qa3 18.
Rb3 Qa5 19. e5 Bxb5 20. Nxb5 Qxb5 21. exf6 Bxf6 22. Nc3 Qc4 23. Ne4 Bg7 24. Nd2 Qb5 25. Re1 a5 26. Rf1 d5 27. Qb1 e6 28. Rc1 b6 29. Bf1 Qd7 30. Nf3 Rxc1 31. Qxc1 Rc8 32. Qb1 Qc6 33. Ne5 Qc2 34. Rxb4 axb4 35. Qxb4 Qd1 36. Qe7 Rf8 37. Kg2 Qc2 38. Bd3 Qc8 39. Bb5 Qa8 40. h4 Bxe5 41. h5 Bg7 42. h6 Bh8 43. Bg5 Qc8 44. Bf6 Qc2 45. Bxh8 Qe4+ 46.
Kg1 Qe1+ 47. Bf1 Qe4 48. Qf6 1-0

[Event "*** Titled Tuesday Blitz"]
[Site "Chess.com"]
[Date "2019.09.03"]
[Round "9"]
[White "WPWPWP-2015"]
[Black "Vuks91"]
[Result "0-1"]
[WhiteElo "2450"]
[BlackElo "2619"]
[TimeControl "180+2"]
[EndTime "17:08:59 PDT"]
[Termination "Vuks91 won by checkmate"]

1. e4 c6 2. d4 d5 3. e5 Bf5 4. Be3 e6 5. Nd2 Qb6 6. Qc1 Nd7 7. c4 Ne7 8. Nb3 dxc4 9. Bxc4 Nd5 10. Ne2 Nxe3 11.
fxe3 Qb4+ 12. Nd2 Nb6 13. a3 Qe7 14. O-O Qg5 15. Nf3 Qh6 16. b3 Be7 17. Ng3 Bg6 18. e4 Qxc1 19. Rfxc1 O-O-O 20. b4 Kb8 21. Bb3 Rd7 22.
Kf2 Rhd8 23. Rd1 Na8 24. h4 h6 25. Ke3 Nc7 26. Bc4 a6 27. Rac1 f6 28. Ne2 Bf7 29. Nf4 g5 30. Ne2 g4 31. exf6 Bxf6 32. Nh2 Bxh4 33.
Nxg4 Bg5+ 34. Kd3 Bxc1 35. Rxc1 Bh5 36. Ne5 Bxe2+ 37. Kxe2 Rxd4 38. Bd3 Rf8 39. Rh1 Rf6 40. Ng4 Rg6 41. Ne3 Rd7 42. e5 Rg5 43. Rxh6 Rxe5 44.
Bc4 Nd5 45. Bxd5 exd5 46. Kd3 Rg7 47. Rh2 Rg3 48. Kd4 Rgxe3 49. Kc5 Ka7 50. Rh7 Rg3 51. Kd6 Reg5 52. a4 Rg6+ 53. Kc5 R3g4 54. b5 Rc4# 0-1

[Event "*** Titled Tuesday Blitz"]
[Site "Chess.com"]
[Date "2019.09.03"]
[Round "9"]
[White "babero_gordo"]
[Black "chesstatour"]
[Result "1/2-1/2"]
[WhiteElo "2154"]
[BlackElo "2024"]
[TimeControl "180+2"]
[EndTime "17:09:07 PDT"]
[Termination "Game drawn by repetition"]

1. e4 c6 2. d4 d5 3. e5 c5 4. dxc5 Nc6 5. Nc3 d4 6. Ne4 Bf5 7. Qf3 e6 8. Bb5 Qa5+ 9. Nc3 Rc8 10.
Bxc6+ bxc6 11. Bd2 dxc3 12. Bxc3 Qxc5 13. Ne2 Ne7 14.
O-O Nd5 15. Bd4 Qxc2 16. Rac1 Qe4 17. Qb3 Be7 18. Be3 O-O 19. Ng3 Qb4 20. Nxf5 exf5 21. Qd3 Qe4 22. Qa6 Nxe3 23. fxe3 Qxe3+ 24. Kh1 Qxe5 25.
Rfe1 Qf6 26. Qxa7 Rfe8 27. Qd7 Qd6 28. Qxf5 Bf6 29. Red1 Qe6 30. Qf2 g6 31. h3 Kg7 32.
Re1 Qd7 33. Rf1 Re6 34. Rcd1 Qe7 35. Rd3 Re2 36. Qf4 Re1 37. Rf3 Rxf1+ 38. Rxf1 Rd8 39. b3 Rd5 40. Qc4 Qe6 41. a4 Rd6 42. Qc2 Be5 43.
a5 Qd7 44. a6 f6 45. Qc4 Qa7 46. b4 Rd7 47. Qxc6 Rc7 48. Qe6 Re7 49. Qc4 Qc7 50. Qb3 Qc3 51. Qa4 Qg3 52. Kg1 Bd4+ 53. Kh1 Be5 54.
Kg1 Qe3+ 55. Kh1 Qg3 1/2-1/2

[Event "*** Titled Tuesday Blitz"]
[Site "Chess.com"]
[Date "2019.09.03"]
[Round "9"]
[White "SirMittensofMittensville"]
[Black "imdvb6307"]
[Result "1/2-1/2"]
[WhiteElo "2540"]
[BlackElo "2439"]
[TimeControl "180+2"]
[EndTime "17:09:09 PDT"]
[Termination "Game drawn by repetition"]

1. e4 e5 2. Nf3 Nf6 3. Bc4 Nxe4 4. O-O d5 5. Qe2 Nf6 6. Nxe5 Be7 7. Bb3 O-O 8. d4 c6 9. c3 Bf5 10. Re1 Re8 11. Bg5 h6 12. Bh4 Nbd7 13. Nd2 Nxe5 14. Qxe5 Qd7 15. Bg3 Ng4 16. Qc7 Qxc7 17. Bxc7 Nf6 18.
f3 g5 19. g4 Bd7 20. Bc2 Nh7 21. Kf2 Nf8 22. Bg3 Ng6 23. Bxg6 fxg6 24. Re3 Bf8 25. Be5 Bg7 26. Rae1 Bxe5 27. Rxe5 Kf7 28. Nb3 b6 29.
Kg3 Rxe5 30. Rxe5 Re8 31. Rxe8 Bxe8 32. Nc1 Kf6 33. Nd3 Ke6 34. Kf2 Kd6 35. b4 Ke6 36.
Ke3 Kf6 37. a3 Ke6 38. Kf2 h5 39. Kg3 Kf6 40. h3 Ke6 41. Ne5 Kf6 42. Kg2 Ke6 43. Kf2 Kf6 44. Kg3 Ke6 45. f4 Kf6 46. fxg5+ Kxg5 47.
Nf3+ Kf6 48. Kf4 hxg4 49. hxg4 Bd7 50. g5+ Ke6 51. Ne5 Be8 52. Ke3 Kf5 53. Nf3 Kg4 54. Kf2 Kf4 55. Ke2 Ke4 56. Nd2+ Kf4 57. Nf3 Ke4 58.
Ne5 Kf5 59. Nf3 Ke4 1/2-1/2

[Event "*** Titled Tuesday Blitz"]
[Site "Chess.com"]
[Date "2019.09.03"]
[Round "9"]
[White "StoreySniper"]
[Black "newauto"]
[Result "1-0"]
[WhiteElo "2343"]
[BlackElo "1944"]
[TimeControl "180+2"]
[EndTime "17:09:10 PDT"]
[Termination "StoreySniper won by resignation"]

1. e4 c6 2. d3 d5 3. Nd2 e5 4. Ngf3 Bd6 5. g3 Ne7 6. Bg2 O-O 7. O-O f5 8. c4 dxe4 9. dxe4 f4 10. c5 Bc7 11. Nc4 fxg3 12. hxg3 Bg4 13. Qb3 Kh8 14. Nfxe5 Be6 15. Qxb7 Nd7 16. Bf4 Bxc4 17. Nxc4 Bxf4 18. gxf4 Nxc5 19. Qb4 Nd3 20. Qd6 Qxd6 21. Nxd6 Nxf4 22. Rfd1 Neg6 23. Bf1 Nh4 24. Nf5 Nxf5 25. exf5 Rxf5 26. Rac1 c5 27. Bd3 Nxd3 28. Rxd3 Raf8 29. Rc2 c4 30.
Rd4 Ra5 31. a3 Rb8 32. Rdxc4 h6 33. Rc7 a6 34. Ra7 Rb6 35. Kf1 Rg5 36. b4 Kh7 37. Rc3 Rf6 38. Ke2 Rgf5 39. f3 Kg6 40. a4 Kh7 41. Re3 Rg5 42. Ree7 Rg2+ 43. Kd3 Rxf3+ 44.
Ke4 Rf6 45. b5 axb5 46. axb5 Rb6 47. Kf3 Rgg6 48. Ra5 Rgf6+ 49. Kg4 Kg6 50. Raa7 h5+ 51. Kg3 Rxb5 52. Rxg7+ Kf5 53. Kh4 Rg6 54. Raf7+ Rf6 55. Rg5+ Ke6 56. Rxf6+ Kxf6 57. Rxb5 Kg6 58. Rxh5 1-0

[Event "*** Titled Tuesday Blitz"]
[Site "Chess.com"]
[Date "2019.09.03"]
[Round "9"]
[White "Gordima"]
[Black "eljanov"]
[Result "1/2-1/2"]
[WhiteElo "2862"]
[BlackElo "2936"]
[TimeControl "180+2"]
[EndTime "17:09:12 PDT"]
[Termination "Game drawn by agreement"]

1. Nf3 d5 2. c4 c6 3. g3 Bg4 4. Bg2 e6 5. Qb3 Qb6 6. d3 Nf6 7. Be3 Qxb3 8. axb3 a6 9. Bd4 Nbd7 10. Bc3 Bd6 11.
Nbd2 e5 12. d4 e4 13. Ne5 Be6 14. f3 exf3 15. exf3 O-O 16. O-O-O Rac8 17. Kb1 c5 18. f4 b5 19. Nxd7 Nxd7 20. dxc5 Nxc5 21. Bxd5 Bxd5 22. cxd5 Rfe8 23. Rhe1 Nd3 24. Rxe8+ Rxe8 25. Nf3 Nf2 26. Re1 Rxe1+ 27. Bxe1 Ne4 28. Bc3 f6 29. b4 Kf7 30.
Kc2 Nf2 31. Kd2 h5 32. Ke2 Ng4 33. h3 Nh6 34. Be1 Nf5 35. Kd3 Ke8 36. Ke4 Ne7 37. g4 hxg4 38. hxg4 g6 39. f5 gxf5+ 40. gxf5 Kf7 41. Bc3 Nc8 42. Nd4 Be5 43. Kf3 Nd6 44. Kg4 Ne4 45. Nc6 Bxc3 46. bxc3 Nxc3 47. d6 Ke8 48.
Kh5 Kd7 49. Nb8+ Kxd6 50. Nxa6 Kd5 51. Kg6 Ne4 52. Kf7 Ke5 53. Kg6 Kd5 1/2-1/2

[Event "*** Titled Tuesday Blitz"]
[Site "Chess.com"]
[Date "2019.09.03"]
[Round "9"]
[White "MFguimaraes"]
[Black "ecwinslow"]
[Result "1-0"]
[WhiteElo "2295"]
[BlackElo "2062"]
[TimeControl "180+2"]
[EndTime "17:09:18 PDT"]
[Termination "MFguimaraes won on time"]

1. e4 d6 2. d4 Nf6 3. Nc3 g6 4. f4 Bg7 5. e5 Nfd7 6. Nf3 c5 7.
exd6 cxd4 8. Nxd4 O-O 9. Be2 Nc6 10. Nxc6 bxc6 11. dxe7 Qxe7 12. O-O Re8 13. Bf3 Nf6 14. Kh1 Qc7 15. b3 Bf5 16. Bb2 Rad8 17. Qc1 Ng4 18.
Bxg4 Bxg4 19. h3 Bf5 20. Na4 c5 21. Bxg7 Kxg7 22. Qb2+ Kg8 23. Rae1 Rxe1 24. Rxe1 Qxf4 25. Qf6 Rf8 26. Nxc5 Qg3 27. Qe5 Qh4 28. Re3 Rd8 29. Ne4 Rd1+ 30. Kh2 Bxe4 31. Qxe4 Qf2 32. Qe8+ Kg7 33.
Rf3 Qg1+ 34. Kg3 Qe1+ 35. Qxe1 Rxe1 36. a4 h5 37. h4 f6 38. Kf2 Re4 39. g3 g5 40. Re3 Rd4 41. Rd3 Rb4 42. hxg5 fxg5 43.
Rd7+ Kf6 44. Rxa7 h4 45. gxh4 Rxh4 46. a5 Rh2+ 47. Kg3 Rxc2 48. Rb7 Ra2 49. Rb6+ Kf5 50. Rb5+ Kg6 51. b4 Kh5 52. Rb8 Ra3+ 53. Kf2 Kg4 54.
Rb6 Kf4 55. Rf6+ Ke4 56. a6 g4 57. b5 Ra5 58. Rb6 Kf4 59. Rb7 Ra2+ 60. Ke1 g3 61.
Rf7+ Ke3 62. Re7+ Kd3 63. Kf1 Kc4 64. Rb7 Kc5 65. a7 Ra5 66. b6 Kc6 67. Rb8 1-0

[Event "*** Titled Tuesday Blitz"]
[Site "Chess.com"]
[Date "2019.09.03"]
[Round "9"]
[White "Jenia84"]
[Black "Denis_Palkovich"]
[Result "1-0"]
[WhiteElo "2262"]
[BlackElo "2218"]
[TimeControl "180+2"]
[EndTime "17:09:25 PDT"]
[Termination "Jenia84 won on time"]

1. d4 d5 2. Nf3 Bf5 3. Bf4 e6 4. e3 Bd6 5. Bg3 Nf6 6. Bd3 O-O 7. Bxf5 exf5 8. Bxd6 Qxd6 9. Ne5 Ne4 10. Nd2 f6 11. Nd3 Nd7 12. Qe2 a5 13. f3 Nxd2 14.
Qxd2 Rfe8 15. O-O b6 16. Rae1 Re7 17. c3 Rae8 18. Nf4 Nf8 19. b4 a4 20. a3 g5 21.
Nd3 Ng6 22. Nb2 b5 23. Nd3 h5 24. Nc5 f4 25. Qd3 Kg7 26. e4 dxe4 27. Rxe4 c6 28. Rfe1 Rxe4 29. Rxe4 Rxe4 30. Qxe4 Qe7 31. Kf2 f5 32.
Qxe7+ Nxe7 33. Ke2 g4 34. Kd3 Kf6 35. Nd7+ Kg5 36. Ne5 Kh4 37. c4 Kg5 38. Kc3 Kh4 39. d5 cxd5 40. cxb5 g3 41. h3 Nc8 42. Kd4 Kg5 43.
Kxd5 Kf6 44. Nd7+ Ke7 45. Nc5 Nb6+ 46. Ke5 Nc4+ 47. Kxf4 Nxa3 48. b6 Kd6 49. Nxa4 Kc6 50. Kxf5 Nc2 51. b5+ Kb7 52. Kf4 Nd4 53. Kxg3 Nxb5 54.
Kh4 Nd4 55. Kxh5 Nf5 56. Kg6 Ne7+ 57. Kf7 Nd5 58. h4 Kc6 59. h5 Nf4 60. h6 1-0

[Event "*** Titled Tuesday Blitz"]
[Site "Chess.com"]
[Date "2019.09.03"]
[Round "9"]
[White "tbalabayev"]
[Black "vinniethepooh"]
[Result "0-1"]
[WhiteElo "2391"]
[BlackElo "2578"]
[TimeControl "180+2"]
[EndTime "17:09:26 PDT"]
[Termination "vinniethepooh won by resignation"]

1. Nf3 d5 2. g3 c6 3. Bg2 Bg4 4. O-O Nd7 5. d3 e5 6. Nbd2 Ngf6 7. e4 Be7 8. Qe1 O-O 9. exd5 Nxd5 10. Nxe5 Nxe5 11.
Qxe5 Qd7 12. Nf3 Bf6 13. Qe4 Rfe8 14. Qa4 b5 15. Qa5 Qf5 16. Nd2 Bd4 17. Ne4 Qe6 18.
a4 b4 19. Nc5 Qe2 20. Nb3 Bb6 21. Qa6 Qxc2 22. a5 Bxf2+ 23. Rxf2 Re1+ 24. Bf1 Bh3 25. Be3 Rxa1 26. Nxa1 Qd1 27. Qxc6 Rd8 28. Qc2 Qxa1 29. Bc1 Rc8 30. Qe2 Qxc1 31. Qf3 Be6 32. Kg2 Qc5 33. Re2 Qc6 34. h3 h6 35. Kh2 Nf6 36.
Qf2 Qc1 37. Bg2 Qd1 38. Rd2 Qa4 39. Qxa7 Rd8 40. Qb6 Rd7 41. a6 Bd5 42. Bxd5 Nxd5 43. Qc5 Qxa6 44. d4 Qe6 45. Qc4 Re7 46. Qd3 g6 47. Rf2 Kg7 48. Qf3 Qe4 49. Qd1 Qe3 50. Qf1 b3 51. Rf3 Qe2+ 52. Rf2 Qxf1 53. Rxf1 Re2+ 54.
Kg1 Rxb2 55. Rc1 Rd2 56. Rc5 b2 0-1

[Event "*** Titled Tuesday Blitz"]
[Site "Chess.com"]
[Date "2019.09.03"]
[Round "9"]
[White "chorejason"]
[Black "Induwara_IM"]
[Result "0-1"]
[WhiteElo "2106"]
[BlackElo "2357"]
[TimeControl "180+2"]
[EndTime "17:09:37 PDT"]
[Termination "Induwara_IM won by resignation"]

1. e4 c6 2. d4 d5 3. Nc3 dxe4 4. Nxe4 Nf6 5. Nxf6+ exf6 6. c3 Bd6 7. Bd3 O-O 8.
Qc2 Re8+ 9. Ne2 h5 10. Be3 Be6 11. O-O Qc7 12. h3 Nd7 13. c4 Nf8 14. Rae1 h4 15.
Nc3 Rad8 16. d5 Bc8 17. Bd4 a6 18. Ne4 Bh2+ 19. Kh1 cxd5 20. cxd5 Qxc2 21. Bxc2 Be5 22. Bb6 Rxd5 23. f4 Rb5 24. Bg1 Rxb2 25. Bb3 Be6 26.
Bxe6 Nxe6 27. fxe5 fxe5 28. Rf2 Rxf2 29. Bxf2 Rd8 30.
Bxh4 Rd4 31. Bg3 f6 32. Kg1 Ra4 33. Nc3 Ra3 34. Rc1 Nd4 35. Kf2 b5 36. Ke1 b4 37.
Nd5 Rxg3 38. Nxb4 Rxg2 39. a4 a5 40. Nd5 Rh2 41. Rc8+ Kh7 42. Ra8 Rxh3 43. Rxa5 Ra3 44. Ra8 Nb3 45. Ne7 Kh6 46. Kf2 Kg5 47. Nd5 Kf5 48.
Nb6 g5 49. Nc4 Ra2+ 50. Ke3 Nd4 51. Nd6+ Ke6 52. Ne4 Ra3+ 53. Kf2 f5 54. Nxg5+ Kf6 55. Nh7+ Kg7 56. Nf8 e4 57. Nd7 f4 58. Ne5 Ra2+ 59. Kg1 f3 60. Ra7+ Kf6 61. Ng4+ Kf5 62. Ne3+ Kf4 63. Nd1 Ra1 64. Kh2 Rxd1 65. Rf7+ Nf5 66. a5 Rd2+ 67. Kh3 Rd1 68. Kh2 Ra1 69. Ra7 f2 0-1

[Event "*** Titled Tuesday Blitz"]
[Site "Chess.com"]
[Date "2019.09.03"]
[Round "9"]
[White "ckgchess"]
[Black "amintabatabaei"]
[Result "0-1"]
[WhiteElo "2746"]
[BlackElo "2910"]
[TimeControl "180+2"]
[EndTime "17:09:42 PDT"]
[Termination "amintabatabaei won by resignation"]

1. e4 e5 2. Nc3 Nf6 3. g3 Bc5 4. Bg2 c6 5. Nf3 d5 6. Qe2 d4 7. Nb1 Bd6 8. d3 c5 9. O-O Nc6 10.
Nh4 O-O 11. Nd2 Bc7 12. a4 a6 13. Qe1 Re8 14. Nb3 Nb4 15. Qd1 Qe7 16. Nf5 Qf8 17.
Bg5 Nd7 18. c3 Nc6 19. Rc1 f6 20. Bd2 Kh8 21. cxd4 cxd4 22. f4 Nb6 23. fxe5 Bxe5 24. a5 Na4 25. Ra1 Nc5 26. Nxc5 Qxc5 27. Rc1 Qb5 28.
Bf4 Bxf5 29. exf5 Bxf4 30. Rxf4 Re3 31. Bxc6 bxc6 32. Rxd4 Qxf5 33. Qf1 Qxa5 34. Qf2 Qe5 35. Rdc4 Rxd3 36. Rxc6 Rad8 37. Rc8 h5 38. Rxd8+ Rxd8 39. Re1 Qd4 40. Qxd4 Rxd4 41. Re8+ Kh7 42. Ra8 Rd6 43.
Kg2 Rb6 44. Kf3 g5 45. h3 Kg6 46. b4 Kf5 47. g4+ Kg6 48. Rg8+ Kf7 49. Ra8 h4 50. Ra7+ Kg6 51. Ra8 Kf7 52. Ra7+ Ke6 53. Kg2 Ke5 54. Kf3 Kd4 55. Rc7 Kd5 56. Rf7 Kc4 57. Ke4 Kxb4 58.
Kf5 a5 59. Rxf6 Rxf6+ 60. Kxf6 a4 61. Kxg5 a3 62. Kxh4 a2 0-1

[Event "*** Titled Tuesday Blitz"]
[Site "Chess.com"]
[Date "2019.09.03"]
[Round "9"]
[White "Alexander_Moskalenko"]
[Black "alishersuleymenov"]
[Result "1-0"]
[WhiteElo "2836"]
[BlackElo "2662"]
[TimeControl "180+2"]
[EndTime "17:09:49 PDT"]
[Termination "Alexander_Moskalenko won by resignation"]

1. c4 Nf6 2. Nc3 g6 3. Nf3 Bg7 4. e4 O-O 5. d4 d6 6. Be2 e5 7.
Be3 exd4 8. Nxd4 Re8 9. f3 c6 10. Qd2 d5 11. exd5 cxd5 12. O-O Nc6 13. Rad1 dxc4 14.
Bxc4 Nxd4 15. Bxd4 Be6 16. Bxe6 Rxe6 17. Bf2 Qxd2 18.
Rxd2 a6 19. Rfd1 h6 20. Kf1 Rc8 21. g4 b5 22. h3 Rec6 23. Rd8+ Ne8 24. Be1 Bf6 25.
Rxc8 Rxc8 26. Nd5 Bd8 27. Bc3 f5 28. gxf5 gxf5 29. Ne3 f4 30. Nf5 Kf7 31. Nxh6+ Ke6 32.
Ng4 Bg5 33. Re1+ Kd7 34. Ne5+ Kc7 35. Nf7 Bh4 36. Re4 Bg3 37. Ba5+ Kc6 38. Re6+ Kd5 39. Re5+ Kc6 40. Ke2 Kd7 41. Bb4 Rc2+ 42. Kd3 Rxb2 43. Re7+ Kc6 44. Ne5+ Kd5 45. Bc3 Rxa2 46. Rxe8 a5 47.
Rd8+ Ke6 48. Nc6 b4 49. Bd4 b3 50. Ra8 a4 51. Nb4 Rh2 52. Rxa4 Rxh3 53. Ra6+ Kf5 54. Ra5+ Ke6 55. Ke4 Rh2 56. Ra6+ Kd7 57. Nd3 Re2+ 58.
Kd5 Kc8 59. Rc6+ Kd8 60. Rb6 Rh2 61. Rxb3 Rh1 62. Ne5 Rd1 63. Rd3 Rb1 64. Bc5 Kc7 65. Ra3 Rd1+ 66. Nd3 Kb8 67. Kc6 1-0

[Event "*** Titled Tuesday Blitz"]
[Site "Chess.com"]
[Date "2019.09.03"]
[Round "9"]
[White "Ginzburg_Yakov"]
[Black "vova-79"]
[Result "1-0"]
[WhiteElo "2523"]
[BlackElo "2411"]
[TimeControl "180+2"]
[EndTime "17:09:52 PDT"]
[Termination "Ginzburg_Yakov won by resignation"]

1. e4 e6 2. d4 d5 3. Nc3 dxe4 4. Nxe4 Nd7 5. Nf3 Ngf6 6. Nxf6+ Nxf6 7. Bg5 h6 8. Bh4 c5 9. Bb5+ Bd7 10. Bxf6 Qa5+ 11. c3 Qxb5 12. Bh4 Bd6 13. Qe2 O-O 14. Qxb5 Bxb5 15.
Bg3 Be7 16. Kd2 Bc6 17. Ke3 cxd4+ 18. Kxd4 Rfd8+ 19. Ke3 Bc5+ 20. Ke2 Bb5+ 21. Ke1 f6 22. Rd1 e5 23. Nd2 Kf7 24. Ne4 Be7 25. f3 Rxd1+ 26.
Kxd1 Rd8+ 27. Ke1 b6 28. h4 f5 29. Nd2 Bf6 30. Bf2 g6 31. c4 Bc6 32. Ke2 e4 33. b3 Bc3 34. Nb1 exf3+ 35. gxf3 Bb4 36. a3 Re8+ 37. Kd3 Bxf3 38. Rc1 Be4+ 39. Ke2 Bxb1+ 40. Kd1 Bxa3 41. Rxb1 Bc5 42. Bxc5 bxc5 43. Ra1 Re7 44. Ra6 Rc7 45. Ke2 Rb7 46. h5 gxh5 47. Rxh6 Rxb3 48. Rxh5 Kg6 49. Rh8 Rc3 50. Rg8+ Kf6 51. Ra8 Rxc4 52. Rxa7 Kg5 53. Rg7+ Kf4 54. Rh7 Rc2+ 55. Kd1 Rc4 56.
Rh4+ Kg3 57. Rxc4 f4 58. Ke2 1-0